 Dungeon Crawl Stone Soup version 0.23.2 (webtiles) character file.

Game seed: 16494434541539751319

96 AngleWyrm the Magician (level 4, -1/24 HPs)
             Began as a Deep Elf Fire Elementalist on Apr 20, 2019.
             Killed from afar by an orc wizard (6 damage)
             ... with a magic dart
             ... on level 3 of the Dungeon.
             The game lasted 00:33:27 (3023 turns).

AngleWyrm the Magician (Deep Elf Fire Elementalist) Turns: 3023, Time: 00:33:27

Health: -1/24      AC:  4    Str:  6    XL:     4   Next: 41%
Magic:  1/12       EV: 13    Int: 20    God:
Gold:   103        SH:  0    Dex: 15    Spells: 9/12 levels left

rFire    . . .     SeeInvis .   d - +0 dagger
rCold    . . .     Gourm    .   (no shield)
rNeg     . . .     Faith    .   a - +1 robe
rPois    .         Spirit   .   j - +0 helmet
rElec    .         Reflect  .   (no cloak)
rCorr    .         Harm     .   (no gloves)
MR       .....                  (no boots)
Stlth    ++........             (no amulet)
HPRegen  0.08/turn              (no ring)
MPRegen  0.13/turn              (no ring)

@: very slightly contaminated
A: no striking features
a: no special abilities


You were on level 3 of the Dungeon.
You were not hungry.

You visited 1 branch of the dungeon, and saw 3 of its levels.

You collected 103 gold pieces.

Inventory:

Hand Weapons
 d - a +0 dagger (weapon)
 l - a +2 hunting sling of flaming
Missiles
 e - 97 stones (quivered)
Armour
 a - a +1 robe (worn)
 h - a +0 leather armour
 j - a +0 helmet (worn)
Scrolls
 b - 2 scrolls of magic mapping
 o - 4 scrolls of remove curse
 s - a scroll of blinking
Potions
 f - a potion of might
 g - a potion of ambrosia {unknown}
 i - a potion of curing {unknown}
 k - a potion of cancellation {unknown}
 m - 2 potions of haste {unknown}
 p - a potion of resistance {unknown}
 q - a potion of lignification {unknown}
 t - a potion of degeneration {unknown}
 u - a potion of magic {unknown}
Comestibles
 c - 4 rations


   Skills:
 + Level 0.1 Fighting
 * Level 0.8 Short Blades
 + Level 2.8 Dodging
 + Level 2.5 Stealth
 + Level 4.6 Spellcasting
 + Level 2.1 Conjurations
 + Level 4.0 Fire Magic


You had 9 spell levels left.
You knew the following spells:

 Your Spells              Type           Power        Failure   Level  Hunger
a - Flame Tongue          Conj/Fire      ###..        3%          1    None
b - Throw Flame           Conj/Fire      ###...       5%          2    #......

Your spell library contained the following spells:

 Spells                   Type           Power        Failure   Level  Hunger
 Conjure Flame            Conj/Fire      ###.....     11%         3    ##.....
 Inner Flame              Hex/Fire       ##......     16%         3    ##.....
 Sticky Flame             Conj/Fire      ###.....     34%         4    ####...
 Fireball                 Conj/Fire      ###.......   67%         5    ######.


Dungeon Overview and Level Annotations

Branches:
Dungeon (3/15)

Altars:
Hepliaklqana


Message History

The orc wizard gestures at you while chanting.
The magic dart hits you.
* * * LOW HITPOINT WARNING * * *
You miss the orc wizard.
The orc wizard is almost dead.
The orc wizard completely misses you.
You barely miss the orc wizard.
The orc wizard is almost dead.
The orc wizard mumbles some strange words.
The orc wizard flickers and vanishes!
Deactivating autopickup; reactivate with Ctrl-A.
You closely miss something.
The orc throws a tomahawk.
The tomahawk closely misses you. Something hits you but does no damage.
You miss something.
The orc throws a tomahawk.
The tomahawk closely misses you.
You closely miss something. Something completely misses you.
You miss something.
You hear some strange, mumbled words.
A magic dart appears from out of thin air!
The magic dart hits you.
You die...

##################
................(#
.........#######.#
.######..# #.# .#
#..# #@# .# #..#
#{# .# #..#*** #o#
.# #...,,* #o# .#
#.###,* #$#
.##****,***,* #.#
..#*,,,,,,,,* #.#
#.#*,*****,,***#.#
#.#*,* *,,,,,..#


You could see 2 orcs.

Vanquished Creatures
  2 adders (D:2)
  4 worms
  A dart slug (D:1)
  2 leopard geckos
  2 orcs (D:3)
  2 giant cockroaches
  12 goblins
  4 hobgoblins
  6 jackals
  A quokka (D:2)
  A ball python (D:2)
  9 bats
  7 frilled lizards
  4 kobolds
  5 rats
62 creatures vanquished.

Notes
Turn   | Place    | Note
-------+----------+-------------------------------------------
     0 | D:1      | AngleWyrm the Deep Elf Fire Elementalist began the quest
                  | for the Orb.
     0 | D:1      | Reached XP level 1. HP: 10/10 MP: 6/6
   193 | D:1      | Reached XP level 2. HP: 5/15 MP: 3/8
   462 | D:1      | Learned a level 2 spell: Throw Flame
  1014 | D:2      | Reached XP level 3. HP: 17/19 MP: 5/10
  1061 | D:2      | Found a hazy altar of Hepliaklqana.
  1964 | D:2      | Reached XP level 4. HP: 21/24 MP: 5/12
  1969 | D:2      | Learned a level 3 spell: Conjure Flame
  3023 | D:3      | Killed from afar by an orc wizard

Skill      XL: |  1  2  3  4 |
---------------+-------------+-----
Spellcasting   | 4 |  4.6
Fire Magic     | 4 |  4.0
Conjurations   | 2 |  2.1
Fighting       | |  0.1
Short Blades   | |  0.8
Dodging        | |  2.8
Stealth        | |  2.5

Action                   |  1- 3 |  4- 6 || total
-------------------------+-------+-------++-------
Melee: Dagger            |    62 |    27 ||    89
 Fire: Hunting sling     |     7 |       ||     7
Throw: Stone             |     1 |       ||     1
 Cast: Flame Tongue      |    50 |    15 ||    65
       Throw Flame       |    16 |    21 ||    37
  Use: Scroll            |     4 |     3 ||     7
       Potion            |     2 |       ||     2
 Stab: Sleeping          |     1 |       ||     1
  Eat: Chunk             |     3 |     3 ||     6
       Ration            |       |     1 ||     1
Armor: Robe              |    26 |    16 ||    42
Dodge: Dodged            |    70 |    32 ||   102
